 Dungeon Crawl Stone Soup version 0.30-a0-989-g0d87f670db (webtiles) character file.

Game seed: 693092555272595218

881 avis the Changer (level 7, 0/58 (59) HPs)
             Began as a Demigod Transmuter on Apr 3, 2023.
             Slain by Pikel
             ... wielding a +1 whip of flaming
              (10 damage)
             ... on level 6 of the Dungeon.
             The game lasted 00:32:16 (5414 turns).

avis the Changer (Demigod Transmuter)               Turns: 5414, Time: 00:32:17

HP:   0/58 (59)     AC:  2    Str: 15    XL:     7   Next: 46%
MP:   12/14         EV: 22    Int: 15    God:
Gold: 416           SH:  0    Dex: 23    Spells: 2/12 levels left

rFire   . . .      SeeInvis .    b - melded +0 shortbow
rCold   + . .      Faith    .    (shield currently unavailable)
rNeg    . . .      Spirit   .    x - melded +0 robe
rPois   x          Reflect  .    (helmet currently unavailable)
rElec   .          Rampage  .    (cloak currently unavailable)
rCorr   .                        (gloves currently unavailable)
Will    .....                    (boots currently unavailable)
Stlth   ++                       (no amulet)
HPRegen 0.29/turn                y - ring of protection from cold
MPRegen 0.14/turn                (no ring)

@: spider-form, lightly drained
A: venomous fangs, tiny, high MP 1, forlorn, divine attributes
a: End Transformation


You were on level 6 of the Dungeon.
You were a venomous arachnid creature.
You visited 1 branch of the dungeon, and saw 6 of its levels.
You also visited: Sewer.

You collected 416 gold pieces.

Inventory:

Hand Weapons
 a - a +2 dagger of freezing
 b - a +0 shortbow (melded)
 B - a +4 dagger
Missiles
 i - 10 poisoned darts
 v - 2 atropa-tipped darts
Armour
 x - a +0 robe (melded)
Jewellery
 y - a ring of protection from cold (left front pincers)
 C - a ring of ice
Wands
 l - a wand of mindburst (18)
 m - a wand of flame (11)
Scrolls
 e - a scroll of enchant weapon {unknown}
 f - 3 scrolls of fog {unknown}
 g - a scroll of noise {unknown}
 j - 4 scrolls of identify {unknown}
 n - 2 scrolls of blinking {unknown}
 o - 2 scrolls of fear {unknown}
 p - a scroll of teleportation {unknown}
 q - 2 scrolls of immolation {unknown}
 s - a scroll of summoning {unknown}
 u - a scroll of enchant armour {unknown}
 w - 2 scrolls of torment {unknown}
 z - a scroll of amnesia {unknown}
Potions
 c - 3 potions of attraction {unknown}
 d - 4 potions of haste
 k - a potion of resistance {unknown}
 r - 3 potions of lignification
 t - 4 potions of curing
 A - a potion of magic {unknown}


   Skills:
 - Level 4.0 Fighting
 - Level 4.0 Dodging
 - Level 4.0 Unarmed Combat
 - Level 3.0 Spellcasting
 - Level 4.0 Transmutations
 * Level 1.7 Ice Magic
 - Level 1.0 Poison Magic


You had 2 spell levels left.
You knew the following spells:

 Your Spells              Type           Power      Damage    Failure   Level
a - Beastly Appendage     Tmut           28%        N/A       12%         1
e - Wereblood             Tmut           14%        N/A       17%         2
p - Spider Form           Tmut/Pois      9%         N/A       43%         3
q - Ice Form              Ice/Tmut       10%        N/A       73%         4

Your spell library contained the following spells:

 Spells                   Type           Power      Damage    Failure   Level
 Freeze                   Ice            28%        1d5       24%         1
 Frozen Ramparts          Ice            14%        1d3       50%         3
 Hailstorm                Conj/Ice       4%         3d4       61%         3
 Call Canine Familiar     Summ           2%         N/A       73%         3
 Gell's Gravitas          Tloc           2%         N/A       73%         3
 Portal Projectile        Hex/Tloc       4%         N/A       73%         3
 Teleport Other           Tloc           2%         N/A       73%         3
 Leda's Liquefaction      Hex/Erth       1%         N/A       97%         4
 Dispersal                Tloc           1%         N/A       100%        6


Dungeon Overview and Level Annotations

Branches:
Dungeon (6/15)             Temple (0/1) D:5           Sewer (visited)

Annotations:
D:6 Pikel


Innate Abilities, Weirdness & Mutations

You are a venomous arachnid creature.
You have venomous fangs.
You are tiny and dextrous.
Your spellcasting is less reliable in this form.
Your armour is entirely melded.
You are incapable of wielding weapons or throwing items.
You have an increased reservoir of magic. (+10% MP)
You shall have no god before yourself.
Your divine heritage dramatically boosts your attributes as you level up.


Message History

Pikel is lightly wounded.
The lemure closely misses you.
Pikel hits you with a +1 whip of flaming.
Pikel burns you.
You hit Pikel.
Pikel looks as sick as possible!
Pikel is moderately wounded.
The lemure misses you.
Pikel hits you with a +1 whip of flaming!
Pikel burns you.
You hit Pikel.
Pikel is heavily wounded.
The lemure barely misses you.
Pikel hits you with a +1 whip of flaming.
Pikel burns you.
* * * LOW HITPOINT WARNING * * *
You feel much better. The lemure barely misses you.
Pikel hits you with a +1 whip of flaming!
Pikel burns you.
You hit Pikel.
Pikel looks as sick as possible!
Pikel is severely wounded.
Pikel misses you.
You hit Pikel.
Pikel looks as sick as possible!
Pikel is severely wounded.
The lemure misses you. x2; Pikel barely misses you.
You hit Pikel.
Pikel looks as sick as possible!
Pikel is almost dead.
The lemure hits you. The lemure hits you but does no damage.
Pikel hits you with a +1 whip of flaming!
Pikel burns you.
* * * LOW HITPOINT WARNING * * *
You hit Pikel but do no damage.
Pikel looks as sick as possible!
Pikel is almost dead.
The lemure hits you.
* * * LOW HITPOINT WARNING * * *
The lemure completely misses you. Pikel closely misses you.
You barely miss Pikel.
Pikel is almost dead.
The lemure misses you. x2
Pikel hits you with a +1 whip of flaming!
You die...

#.# #.#
#.. #.#
..$ #
#.#
#.#.#K#
#...5s#
#####5#
.5.
##.##
#.# #.#
#.# #.#


You could see Pikel (extremely poisoned) and 3 lemures.

Vanquished Creatures
  An ice beast (D:5)
  Pargi (Sewer)
  A centaur (D:3)
  A lemure (D:5)
  3 scorpions
  A wight (D:5)
  2 hounds
  A sleepcap (D:4)
  4 iguanas
  4 gnolls (D:5)
  5 adders
  4 shadow imps
  2 worms
  2 dart slugs
  4 orcs
  4 endoplasms
  6 giant cockroaches
  6 goblins
  5 hobgoblins
  6 jackals
  4 quokkas
  4 ball pythons
  8 bats
  2 frilled lizards (D:1)
  6 kobolds
  4 rats
91 creatures vanquished.

Notes
Turn   | Place    | Note
-------+----------+-------------------------------------------
     0 | D:1      | avis the Demigod Transmuter began the quest for the Orb.
     0 | D:1      | Reached XP level 1. HP: 15/15 MP: 5/5
    74 | D:1      | Reached skill level 1 in Fighting
   627 | D:1      | Reached XP level 2. HP: 24/24 MP: 4/7
  1510 | D:2      | Reached XP level 3. HP: 5/29 MP: 6/8
  1574 | D:2      | Learned a level 3 spell: Spider Form
  1577 | D:2      | Learned a level 2 spell: Wereblood
  1733 | D:3      | Noticed a scorpion
  1750 | D:3      | Killed a scorpion
  1751 | D:3      | Reached XP level 4. HP: 16/38 MP: 2/9
  1966 | D:3      | Noticed a centaur
  2025 | D:3      | Found a glowing drain.
  2049 | Sewer    | Entered a sewer
  2108 | Sewer    | Noticed Pargi
  2122 | Sewer    | Killed Pargi
  2123 | Sewer    | Reached skill level 1 in Poison Magic
  2123 | Sewer    | Reached XP level 5. HP: 32/45 MP: 4/10
  2579 | D:3      | Killed a centaur
  3432 | D:4      | Reached XP level 6. HP: 51/51 MP: 13/13
  4137 | D:5      | Entered Level 5 of the Dungeon
  4194 | D:5      | Found a staircase to the Ecumenical Temple.
  4415 | D:4      | Learned a level 4 spell: Ice Form
  4611 | D:5      | Reached XP level 7. HP: 30/57 MP: 12/14
  5089 | D:5      | Reached skill level 1 in Ice Magic
  5345 | D:6      | Noticed Pikel
  5414 | D:6      | Slain by Pikel

Illustrated notes

Levels and vault maps discovered:
D:1:      minmay_arrival_diagonal_passages, layout_loops_ring,
          chequers_serial_rivers_room_a
D:2:      layout_rooms
D:3:      layout_loops_ring, portal_sewer_entry_f
D:4:      layout_gridville, mainiacjoe_overflow_alcove_4,
          kennysheep_big_empty_room
D:5:      layout_rooms, minmay_temple_entry_overgrown, kennysheep_doodads,
          grunt_tough_drop
D:6:      layout_basic, nicolae_uskayaw_dance_studio, uniq_pikel

Skill      XL: |  1  2  3  4  5  6  7 |
---------------+----------------------+-----
Fighting       | 2 3 4 |  4.0
Unarmed Combat | 3 4 |  4.0
Dodging        | 2 3 4 |  4.0
Spellcasting   | 2 3 |  3.0
Transmutations | 2 3 4 |  4.0
Poison Magic   | 1 |  1.0
Ice Magic      | 1 |  1.7

Action                     |  1- 3 |  4- 6 |  7- 9 || total
---------------------------+-------+-------+-------++-------
  Melee: Unarmed           |    80 |   111 |    50 ||   241
         Kick              |    21 |    11 |     8 ||    40
         Headbutt          |     6 |     9 |     3 ||    18
         Dagger            |       |     4 |    18 ||    22
   Fire: Shortbow          |       |    51 |    18 ||    69
   Cast: Beastly Appendage |    27 |    16 |     2 ||    45
         Spider Form       |       |    11 |    11 ||    22
    Use: Potion            |     4 |       |     2 ||     6
   Stab: Sleeping          |     1 |       |       ||     1
 Armour: Robe              |    16 |    17 |       ||    33
         Skin              |       |     5 |     4 ||     9
  Dodge: Dodged            |    39 |   125 |    67 ||   231

Table legend: (Time is in decaauts)
 A = Elapsed time spent in this place.
 B = Non-inter-level travel time spent in this place.
 C = Inter-level travel time spent in this place.
 D = Time resting spent in this place.
 E = Time spent auto-exploring this place.
 F = Levels seen in this place.
 G = Mean time per level.
                   A        B        C        D        E       F      G
               +--------+--------+--------+--------+--------+-----+--------+
         Total |   5412 |   4803 |    609 |    927 |   2316 |   7 |  773.1 |
       Dungeon |   5278 |   4669 |    609 |    907 |   2316 |   6 |  879.7 |
         Sewer |    134 |    134 |      0 |     20 |      0 |   1 |  134.0 |
               +--------+--------+--------+--------+--------+-----+--------+

Top non-repeatable levels by time:
     D:4: 1486 daAuts
     D:1: 1090 daAuts
     D:3: 1022 daAuts
     D:5: 988 daAuts
     D:2: 649 daAuts
   Sewer: 134 daAuts
     D:6: 40 daAuts
